[Event "5th Vera Menchik Memorial 2022"]
[Site "Prag"]
[Date "2022.06.05"]
[Round "2.12"]
[White "Dubansky, Bohuslav"]
[Black "Benes, Petr"]
[Result "1/2-1/2"]
[ECO "C44"]
[WhiteElo "2223"]
[BlackElo "2121"]
[Annotator "TA"]
[PlyCount "79"]
[EventDate "2022.06.05"]
[EventType "tourn"]
[EventCountry "CZE"]
[SourceTitle "playchess.com"]
[Source "ChessBase"]
[SourceQuality "1"]
[TimeControl "720+3"]

1. e4 Nc6 2. d4 e5 3. Nf3 exd4 4. Bc4 Bb4+ 5. c3 dxc3 6. O-O c2 {[%emt 0:00:01] 6...Nf6 gains popularity.} 7. Qxc2 d6 {[%emt 0:00:19] C44: Ponziani Opening and Scotch Gambit.} 8. Nc3 {[%emt 0:00:43][%mdl 1024] White has compensation.} Nf6 (8... Bxc3 $11 9. Qxc3 Nf6) 9. Bg5 {[%emt 0:00:23] [#]} (9. Ng5 $16 Rf8 10. Qb3 Bxc3 11. Bxf7+ (11. bxc3 Qe7 $11) 11... Ke7 12. bxc3) 9... h6 $146 (9... Bxc3 $11 {remains equal.} 10. Qxc3 h6 11. Bxf6 Qxf6) ({Predecessor:} 9... O-O 10. Nd5 Bc5 11. Nxf6+ gxf6 12. Bh6 Be6 13. Bxe6 fxe6 14. Bxf8 Qxf8 15. Qb3 Qc8 {1-0 (50) Lantigua Naut,C (2018)-Martinez Nova,J San Francisco de Macoris 2016}) 10. Bh4 {[%emt 0:01:58] White is more active.} ({White must play} 10. Bxf6 $16 gxf6 11. Nd5) 10... g5 11. Bg3 Bxc3 12. Qxc3 O-O 13. Rfe1 Nh5 $1 14. Rad1 Qf6 15. e5 $36 {[%emt 0:02:01][%mdl 2048] White has good play.} dxe5 (15... Qg7 $14) 16. Bxe5 $16 Nxe5 17. Nxe5 (17. Qxe5 $6 Bg4 $11) 17... Nf4 $2 {[%emt 0:00:32] [#]} (17... Be6 $16) 18. Nxf7 $2 (18. Bxf7+ $1 $18 {is the precise move to win.} Rxf7 19. Nxf7 Qxc3 20. Nxh6+ Kh7 21. bxc3) 18... Qxc3 19. bxc3 Kg7 (19... Rxf7 $2 20. Rd8+ (20. Re7 Be6 $11) 20... Kg7 21. Bxf7 Kxf7 22. Ree8 $18) 20. Re7 Be6 $2 21. Bxe6 $2 (21. Nxg5+ $18 Kf6 22. Rxe6+ Kxg5 23. h4+ Kf5 24. Rxh6) 21... Nxe6 $2 (21... Kf6 $16) 22. Rdd7 $2 ({Weaker is} 22. Rxe6 Rxf7 23. f3 Raf8 $11) (22. Nxg5+ Kg6 23. Rxe6+ Rf6 24. Rxf6+ Kxf6 25. Ne4+ Ke7 26. f3) 22... Rae8 $2 (22... Kf6) 23. Nd6+ $4 (23. Rxe8 $18 {and all is fine. Nd8+ is the strong threat.} Rxf7 24. Rd5 (24. Rxe6 Rxd7 25. g3 c5 $11)) 23... Rxe7 $19 {[%emt 0:00:08] Black keeps a firm grip on the game.} 24. Rxe7+ {[%emt 0:02:44][%mdl 4096] Endgame KRN-KRN} Kf6 25. Rd7 cxd6 26. Rxb7 {[%emt 0:00:00] KRN-KR} Rf7 27. Rb8 Nc5 28. g3 Ke5 29. Kg2 g4 {[%emt 0:00:09] Inhibits f3.} 30. Re8+ Kd5 {[%emt 0:00:09] aiming for ...Ne4.} 31. Rg8 Nd3 32. Rxg4 Rxf2+ 33. Kh3 Rxa2 $2 (33... Nc5 $19 {is more deadly.} 34. a3 Rc2) 34. Rg6 $2 (34. Rd4+ $17 Kc5 35. Rxd3) 34... Nf2+ {[%emt 0:00:22] Black is clearly winning.} 35. Kh4 Ne4 36. h3 Nxc3 {[%emt 0:00:11] [#] And now ...a5 would win.} 37. Rxh6 Ne4 {[%emt 0:00:08] White must now prevent ...a5.} 38. g4 Rg2 39. Rh7 a5 40. Rh5+ {[%emt 0:00:00][%mdl 32768] Weighted Error Value: White=1.26/Black=0.97. An unexpected result.} 1/2-1/2

[Event "5th Vera Menchik Memorial 2022"]
[Site "Prag"]
[Date "2022.06.05"]
[Round "2.13"]
[White "Turkova, Karolina"]
[Black "Richtrova, Eliska"]
[Result "1/2-1/2"]
[ECO "B07"]
[WhiteElo "1891"]
[BlackElo "2204"]
[Annotator "TA"]
[PlyCount "76"]
[EventDate "2022.06.05"]
[EventType "tourn"]
[EventCountry "CZE"]
[SourceTitle "playchess.com"]
[Source "ChessBase"]
[SourceQuality "1"]
[TimeControl "720+3"]

1. e4 d6 2. d4 Nf6 3. Nc3 g6 4. Be3 c6 5. Qd2 b5 6. Bd3 Ng4 {[%emt 0:01:00] [#] B07: Pirc Defence: Miscellaneous Systems.} 7. Bg5 $1 h6 {[%emt 0:00:13] [#]} 8. Bh4 Bg7 {[%emt 0:00:44] White is better.} 9. h3 Nf6 10. Nf3 {[%emt 0:00:16] Against e5} a6 11. O-O-O {[%emt 0:00:44] White is more active.} ({White should play} 11. e5 $16 dxe5 12. dxe5) 11... Be6 {[%emt 0:00:26] [#]} (11... b4 $14) 12. Kb1 $146 ({Better is} 12. Rhe1 $16) ({Predecessor:} 12. Rhe1 Qa5 13. a3 Qb6 14. e5 dxe5 15. dxe5 Nd5 16. Be4 Nxc3 17. Qxc3 Ra7 18. Nd4 {1-0 (42) Pletanek,J (2179)-Hajny,M (2058) Czech Republic 2013}) 12... Nbd7 $14 13. Rhe1 {[%emt 0:01:27][%cal Od4d5] Hoping for d5!} Nb6 {[%emt 0:00:20] Inhibits d5.} (13... g5 $14) 14. e5 $16 dxe5 15. Nxe5 ({White should try} 15. dxe5 Nfd5 16. Nd4 Nxc3+ 17. Qxc3) 15... g5 (15... Qxd4 $16 16. Nxg6 Nfd5) 16. Bg3 $18 ({Inferior is} 16. Nxc6 Qd6 17. Rxe6 fxe6 18. Bg6+ Kf8 $17) 16... Na4 $2 (16... Qxd4 $16 {was necessary.} 17. Nxc6 Qd7) 17. Nxa4 bxa4 18. Bc4 Bxc4 19. Nxc4 O-O 20. h4 Qd5 (20... gxh4 21. Bf4 (21. Bxh4 Nd5 $16) 21... Kh7) 21. Nb6 Qb5 22. Nxa8 Rxa8 23. Rxe7 gxh4 24. Bxh4 Nd5 25. Rd7 Rb8 26. Rd8+ Rxd8 27. Bxd8 a3 28. b3 {[%emt 0:00:15] c4 is the strong threat.} Qb8 29. Bh4 c5 (29... Qh2 {keeps fighting.}) 30. Bg3 Qc8 31. Be5 cxd4 (31... c4 32. Rc1 Bf8) 32. Bxg7 Nc3+ 33. Ka1 Nxd1 34. Qxd4 (34. Bxd4 $18 Qc6 35. Qxd1) 34... Qxc2 $2 (34... Ne3 $1 $11 35. Qd2 (35. Qxe3 {gets mated.} Qxc2 36. Qe1 Kxg7 37. Qe5+ Kh7) 35... Nxc2+ 36. Kb1 Kxg7) 35. Bxh6 Qb2+ 36. Qxb2 Nxb2 37. Bc1 (37. f3 $142) 37... Nd3 38. Bxa3 {[%emt 0:00:01] Black must now prevent Kb1.} Nxf2 {[%emt 0:00:01] Weighted Error Value: White=0.39/Black=0.62} 1/2-1/2

[Event "5th Vera Menchik Memorial 2022"]
[Site "Prag"]
[Date "2022.06.05"]
[Round "2.14"]
[White "Pachmann, Ales"]
[Black "Rusnak, Jan"]
[Result "1-0"]
[ECO "B04"]
[WhiteElo "2288"]
[BlackElo "1985"]
[Annotator "TA"]
[PlyCount "67"]
[EventDate "2022.06.05"]
[EventType "tourn"]
[EventCountry "CZE"]
[SourceTitle "playchess.com"]
[Source "ChessBase"]
[SourceQuality "1"]
[TimeControl "720+3"]

1. e4 Nf6 2. e5 Nd5 3. d4 d6 4. Nf3 g6 5. Be2 Bg7 6. O-O O-O 7. c4 Nb6 8. exd6 cxd6 9. h3 e5 10. Nc3 Nc6 11. dxe5 dxe5 12. c5 Nd7 13. Be3 h6 {[%emt 0:00:32] [#] B04: Alekhine's Defence: 4 Nf3.} 14. Qd2 $146 ({Predecessor:} 14. Qd6 a6 15. Rad1 Kh7 16. Ne4 Qe7 17. Bc4 Qxd6 18. Nxd6 e4 19. Nxe4 Bxb2 20. Nd6 {1-0 (46) Sredojevic,I (2382)-Radovanovic,M (2076) Dvorovi 2016}) 14... Kh7 15. Bc4 $2 {[%emt 0:02:22] [#]} (15. Rad1 $14 {keeps the upper hand.}) 15... f5 $1 $17 {[%emt 0:00:12] Black is clearly better.} 16. Qd5 Ne7 (16... f4 $17 17. Bc1 Qe7) 17. Qd6 $1 $11 e4 18. Nd4 $36 {[%emt 0:00:21][%mdl 2048] White has good play.} Be5 (18... Ne5 $5 19. Be2 N7c6 $11) 19. Ne6 $1 ({Much weaker is} 19. Qe6 Rf6 20. Nd5 Rxe6 $17) 19... Bxd6 20. cxd6 Nc6 21. Nxd8 $16 {[%emt 0:00:08] 0x0.0022fa3552a8dp-1022s more active pieces.} Rxd8 22. Nd5 Nde5 {[%emt 0:00:09][%csl LRc4,LRd6] Pair of Knights!} 23. Bb3 ({Not} 23. Nf6+ $2 Kg7 24. d7 Nxc4 $19) 23... Rxd6 {[%emt 0:00:02] [#]} (23... g5 $11) 24. Rad1 $1 Nd3 (24... g5 $14) 25. f3 (25. Nc7 $16 Rb8 26. f3) 25... Na5 $2 {[%emt 0:01:02][%mdl 8192] Loses the game.} (25... Be6 $1 $14 26. fxe4 fxe4 27. Nf6+ Kg7) 26. fxe4 Nxb3 27. axb3 ({Don't play} 27. Rxd3 Na5 28. Bf4 Rc6) 27... fxe4 (27... Bd7 {keeps fighting.} 28. Rxd3 Bb5) 28. Nf6+ $18 Rxf6 29. Rxf6 {[%emt 0:00:02] Rdf1 is the strong threat.} Kg7 (29... h5 $142 30. Rf8 Bg4 31. Rxa8 Bxd1 32. Rxa7 Kg8 33. Rxb7 Ne5) 30. Bd4 {[%emt 0:00:03] White threatens Rdf1 and mate. White is clearly winning.} Kh7 31. Rf7+ Kg8 32. Rg7+ Kf8 33. Rf1+ Ke8 34. Rff7 {[%emt 0:00:37] Weighted Error Value: White=0.29 (precise) /Black=0.76} 1-0

[Event "5th Vera Menchik Memorial 2022"]
[Site "Prag"]
[Date "2022.06.05"]
[Round "2.16"]
[White "Pribyl, Josef"]
[Black "Ocelak, Jakub"]
[Result "1/2-1/2"]
[ECO "E18"]
[WhiteElo "2217"]
[BlackElo "2060"]
[Annotator "TA"]
[PlyCount "136"]
[EventDate "2022.06.05"]
[EventType "tourn"]
[EventCountry "CZE"]
[SourceTitle "playchess.com"]
[Source "ChessBase"]
[SourceQuality "1"]
[TimeControl "720+3"]

1. d4 Nf6 2. Nf3 b6 3. g3 Bb7 4. Bg2 e6 5. O-O Be7 6. c4 O-O 7. Nc3 Ne4 8. Bd2 f5 9. d5 Bf6 10. Rc1 c5 11. Be1 {[%emt 0:01:11] E18: Queen's Indian: Old Main Line (4 g3 Bb7 5 Bg2 Be7 6 0-0 0-0 7 Nc3).} Nxc3 (11... Nd6 {with more complications.} 12. Na4 exd5 13. cxd5 Na6) 12. Bxc3 Bxc3 13. Rxc3 {[%emt 0:00:02] White is slightly better.} exd5 $2 (13... Na6 $14) 14. Ne5 $18 ({Not} 14. cxd5 d6 $11) 14... Nc6 $2 (14... Kh8 {was called for.} 15. Bxd5 Nc6 16. Nf7+ Rxf7) 15. Qxd5+ Kh8 16. Nf7+ Rxf7 17. Qxf7 {[%emt 0:00:01] [#]} Qc7 $146 (17... Ne5 $142) ({Predecessor:} 17... Rb8 18. Re3 d6 19. Rd1 h6 20. Re6 {1-0 (20) Genov,P (2501)-Schott,R (2121) Nice 2003}) 18. Qxf5 {[%emt 0:00:16] Intending Be4 and mate.} Nd4 19. Qd3 Re8 20. e4 Qc6 21. Re1 d6 22. a3 a5 23. Re3 Nf5 24. Re1 Nd4 25. Rcc1 Qa4 26. Re3 Qc6 27. f3 Qa4 28. Kh1 Ba6 29. Bf1 Bb7 30. Kg2 Qc6 31. Be2 g5 32. h3 Bc8 33. Bf1 Bb7 34. b4 axb4 35. axb4 Ra8 36. b5 Qd7 37. Qc3 Kg8 38. Ra1 {[%emt 0:00:06] Inhibits Ra2+.} (38. Qd2 $18) 38... Rxa1 $16 39. Qxa1 Nc2 40. Qc1 Nxe3+ 41. Qxe3 {[%emt 0:00:01][%mdl 4096] Endgame KQB-KQB} Qg7 42. Be2 h6 43. Kf2 (43. Qd2 $16 Qe7 44. g4) 43... Qd7 (43... Bc8 $14) 44. Bf1 (44. Qd2 $142) 44... Qg7 45. h4 (45. Qa3 $16) 45... gxh4 46. gxh4 {[%emt 0:00:02] Hoping for Bh3.} Qf6 47. Kg3 Qg6+ 48. Kh2 $1 Qf6 {[%emt 0:00:04] Against Qf4} 49. Qf2 ({Better is} 49. Qg1+ $16 Kf7 50. Qg4) 49... Kh8 50. Kg1 $36 {[%emt 0:00:35][%mdl 2048] And now Bh3 would win. White is pushing.} Qf4 (50... Bc8 $1 $11) 51. Kg2 $2 (51. Bh3 $1 $18) 51... Qf6 {[%emt 0:00:11] Prevents Qb2.} (51... Bc8 $11 {is superior.}) 52. Bd3 (52. h5 $14) 52... Qf4 $11 53. Kf1 Qc1+ 54. Qe1 Qf4 55. Ke2 ({White should play} 55. Qa1+ $1 $16 Kg8 56. Ke2) 55... Bc8 $2 (55... Qf6 $1 $11 {and Black is okay.}) 56. Qa1+ $18 Kh7 57. Qa7+ (57. e5+ $1 $18 {is the precise move to win.} Kg8 58. Qa8 Qxe5+ 59. Kd2) 57... Kg6 $16 58. Qxb6 Qh2+ 59. Kd1 {[%emt 0:00:05] Threatens to win with e5+.} Qg1+ $1 60. Kc2 Qf2+ 61. Kb3 Qd4 62. Bc2 Be6 63. Ka3 $2 (63. Qxd6 $14 Qxc4+ 64. Kb2) 63... Qc3+ ({Stronger than} 63... Qxc4 64. Kb2 Qb4+ 65. Kc1 $11) 64. Bb3 Qa1+ 65. Ba2 {[%emt 0:00:07] [#]} Qc3+ $2 (65... Qc1+ $1 66. Ka4 Qb2 67. Qxc5 dxc5 68. h5+ Kxh5 69. Ka5 Qxa2+ 70. Kb6 Qxc4 71. Kc6 Qb4 72. f4 Qxe4+ 73. Kb6 Qxf4 74. Kxc5 Qc4+ 75. Kd6 Kg5 76. b6 Qd5+ 77. Kc7 Qd7+ 78. Kb8 Bd5 79. b7 Qxb7#) 66. Bb3 $11 Qa1+ $4 (66... Qb4+ $11 67. Ka2 Qd2+ 68. Kb1 Qe1+ 69. Kc2 Qf2+ 70. Kc1 Qe1+ 71. Bd1 Qe3+ 72. Kb1 Qd2) 67. Ba2 {[%emt 0:00:05] [#]} Qc3+ $2 (67... Qc1+ $1 {mates} 68. Ka4 Qb2 69. Qxc5 dxc5 70. Ka5 Qxa2+ 71. Kb6 Qxc4 72. Kc6 Qb4 73. Kd6 c4+ 74. Kc6 c3 75. Kb6 c2 76. f4 Qd6+ 77. Ka7 Qc7+ 78. Ka8 Bc8 79. h5+ Kxh5 80. f5 Qb7#) 68. Bb3 Qd4 {[%emt 0:00:00] Quite a comeback for White.  Weighted Error Value: White=0.44/Black=0.44} 1/2-1/2

[Event "5th Vera Menchik Memorial 2022"]
[Site "Prag"]
[Date "2022.06.05"]
[Round "3.1"]
[White "Plat, Vojtech"]
[Black "Kulovana, Eva"]
[Result "1-0"]
[ECO "B10"]
[WhiteElo "2547"]
[BlackElo "2173"]
[Annotator "TA"]
[PlyCount "75"]
[EventDate "2022.06.05"]
[EventType "tourn"]
[EventCountry "CZE"]
[SourceTitle "playchess.com"]
[Source "ChessBase"]
[SourceQuality "1"]
[TimeControl "720+3"]

1. e4 c6 2. Nf3 d5 3. d3 Bg4 4. h3 Bxf3 5. Qxf3 e6 6. Nd2 {[%emt 0:00:03] B10: Caro-Kann: 2 d3 and 2 c4.} Nf6 7. Qe2 Be7 8. g3 {[%emt 0:00:03] White has an edge.} c5 9. Bg2 Nc6 10. c3 O-O 11. O-O {[%emt 0:00:02] [#]} Rc8 $146 ({Predecessor:} 11... Qd7 12. e5 Ne8 13. Re1 Nc7 14. Nf3 Rae8 15. Bf4 f6 16. exf6 Bxf6 17. Ne5 Nxe5 18. Bxe5 Bxe5 19. Qxe5 {1-0 (55) Belezky,A (2436)-Schwalfenberg,J (2335) Germany 2008}) 12. f4 b5 13. Nf3 c4 14. exd5 cxd3 15. Qxd3 Qxd5 16. Nd4 Qc5 17. Be3 Nxd4 18. Bxd4 Qc4 19. Qxc4 {[%emt 0:00:05] White is more active.} bxc4 20. Bxa7 {[%emt 0:00:05] This bishop pair is nice.} Bc5+ 21. Bxc5 Rxc5 22. Rad1 g6 23. Rd4 Kg7 (23... Rb5 $142) 24. Re1 Rb8 25. Re5 Rc7 26. Rd2 (26. Re2 $16) 26... Nd7 $11 27. Re4 Nb6 $1 28. Bf1 $36 {[%emt 0:00:14][%mdl 2048] White fights for an advantage.} h5 29. Red4 Na4 $2 {[%emt 0:00:16] [#] This costs Black the game.} ({Better is} 29... Rcb7 $14) 30. Rxc4 $18 ({And not} 30. Bxc4 Rxb2 31. Rxb2 Nxb2 $14) 30... Rxc4 31. Bxc4 Rxb2 $2 (31... Kf8 32. Bb3 Nc5) 32. Rxb2 {[%emt 0:00:01] White is clearly winning.} Nxb2 {[%emt 0:00:01][%mdl 4096] Endgame KB-KN} 33. Bb5 {[%emt 0:00:11] [#] Threatens to win with a4.} Kf6 34. a4 Nd1 35. a5 {[%emt 0:00:48] aiming for a6.} Nxc3 36. Bc6 {[%emt 0:00:01] And now a6 would win.} Ne2+ 37. Kf2 Nd4 38. Ba4 {[%emt 0:00:01] Weighted Error Value: White=0.11 (very precise) /Black=0.40} 1-0

[Event "5th Vera Menchik Memorial 2022"]
[Site "Prag"]
[Date "2022.06.05"]
[Round "3.2"]
[White "Jedlicka, Ales"]
[Black "Pulpan, Jakub"]
[Result "0-1"]
[ECO "E05"]
[WhiteElo "2207"]
[BlackElo "2418"]
[Annotator "TA"]
[PlyCount "128"]
[EventDate "2022.06.05"]
[EventType "tourn"]
[EventCountry "CZE"]
[SourceTitle "playchess.com"]
[Source "ChessBase"]
[SourceQuality "1"]
[TimeControl "720+3"]

1. d4 Nf6 2. c4 e6 3. Nf3 d5 4. g3 Be7 5. Bg2 O-O 6. O-O dxc4 7. Qc2 b5 8. a4 {[%emt 0:00:03] E05: Open Catalan: 5 Nf3 Be7.} b4 9. Nfd2 Nd5 $1 {[%emt 0:00:01][%mdl 4] outshines the older 9...c6.} 10. Nxc4 {[%emt 0:00:09] The position is equal.} c5 11. dxc5 Ba6 12. Nbd2 Bxc5 13. b3 (13. Nb3 $5 Nd7 14. Nxc5 Nxc5 15. Ne3 $11) 13... Nd7 (13... Nc6 $5 14. e3 Rc8 $11) 14. Bb2 {[%emt 0:00:09] Prevents Bd4.} Rc8 15. Rac1 {[%emt 0:00:35] [#]} N7b6 $146 ({Predecessor:} 15... Qe7 16. Qb1 Rfd8 17. Qa1 f6 18. a5 Bb5 19. Nf3 a6 20. Nd4 Nc3 21. Bxc3 bxc3 22. Qxc3 Bxd4 23. Qxd4 {½-½ (36) Mulyar,M (2361)-Girsh,D (1964) Ledyard 2022}) 16. Qe4 Qe7 (16... Be7 $15) 17. e3 Rfd8 18. Rfd1 (18. a5 $5 Nc3 19. Bxc3 bxc3 20. Rxc3 $11) 18... Nc3 $1 19. Bxc3 bxc3 20. Rxc3 Bxc4 21. bxc4 Nxa4 22. Rc2 Bb4 $1 {[%emt 0:00:12] Threatens to win with ...Nc3. Black is more active.} 23. c5 ({White should try} 23. Qb7 $15) 23... a5 $1 $17 ({Don't play} 23... Nc3 24. Qxb4 Nxd1 25. Bf3 $16) 24. Qf3 Qd7 ({Not} 24... Bxc5 25. Rdc1 $17) 25. c6 Qd3 26. Qe4 ({Wrong is} 26. Rc4 $2 Nc3 27. Bf1 Qc2 $19) (26. Rdc1 $17 {is the only way for White.} Bxd2 27. Bf1) 26... Qxe4 $1 $19 27. Bxe4 Nc5 $2 (27... Nc3 $19 28. Ra1 Rxd2 $1 29. Bxh7+ Kxh7 30. Rxd2 Rxc6) 28. Bf3 Kf8 29. Nc4 {[%emt 0:00:23] Hoping for Rxd8+.} Rxd1+ 30. Bxd1 Rxc6 31. Ne5 Rd6 32. Be2 (32. Bf3 $17) 32... Rd2 ({Better is} 32... a4 $19 {White must now prevent ...Rd2.} 33. Kg2 a3) 33. Rxd2 $17 Bxd2 {[%emt 0:00:01][%mdl 4096] Endgame KBN-KBN} 34. Nc4 (34. Bb5 $17 {was worth a try.}) 34... Bb4 $19 35. Ne5 a4 36. Nd3 Nxd3 37. Bxd3 $17 {[%emt 0:00:01] KB-KB} a3 {[%emt 0:00:01] Strongly threatening ...a2.} 38. Bc4 Ke7 39. Kf1 f6 40. Ke2 Kd6 41. Kd3 e5 42. Ba2 Kc5 43. f3 Kb5 44. g4 Bc5 45. e4 Bb4 46. h4 h5 47. gxh5 Be1 48. Ke2 Bxh4 49. Kd3 Bg5 50. Bf7 Kc5 51. Ba2 Kd6 52. Kc4 Ke7 53. Kb3 Bc1 $1 54. Kc2 Be3 55. Kd3 Bc5 56. Kc4 Bd6 57. Kd5 Bb8 58. Kc6 Ba7 (58... f5 $5) 59. Kb7 Be3 {[%emt 0:00:05] aiming for ...Kd6.} 60. Kc6 f5 61. Kd5 Kf6 62. Kd6 $2 {[%emt 0:00:20][%mdl 8192] [#]} (62. Kc4 $17) 62... f4 $1 63. Kd5 Bd4 {[%emt 0:00:01] ( -> ...Kg5)} 64. Kc4 Kg5 {[%emt 0:00:13] Weighted Error Value: White=0.26 (precise) /Black=0.11 (very precise)} 0-1

[Event "5th Vera Menchik Memorial 2022"]
[Site "Prag"]
[Date "2022.06.05"]
[Round "3.3"]
[White "Jirovsky, Milos"]
[Black "Lnenickova, Gabriela"]
[Result "1-0"]
[ECO "E68"]
[WhiteElo "2458"]
[BlackElo "2146"]
[Annotator "TA"]
[PlyCount "61"]
[EventDate "2022.06.05"]
[EventType "tourn"]
[EventCountry "CZE"]
[SourceTitle "playchess.com"]
[Source "ChessBase"]
[SourceQuality "1"]
[TimeControl "720+3"]

1. Nf3 Nf6 2. c4 g6 3. g3 Bg7 4. Bg2 O-O 5. O-O d6 6. d4 Nbd7 7. Qc2 e5 8. Rd1 Qe7 9. Nc3 c6 10. e4 Re8 11. h3 {[%emt 0:00:13] E68: King's Indian: Fianchetto: 6...Nbd7 7 0-0 e5 8 e4.} a5 12. Be3 {[%emt 0:00:07] [#]} Nf8 $146 (12... exd4 $11 {keeps the balance.} 13. Bxd4 Nc5) ({Predecessor:} 12... exd4 13. Nxd4 Nc5 14. f3 Nfd7 15. Bf2 h5 {½-½ (15) Trichkov,V (2312)-Hausner,I (2331) Czech Republic 2018}) 13. Rd2 (13. c5 $16) 13... exd4 $14 14. Nxd4 Ne6 (14... N8d7 $14) 15. Re1 {[%emt 0:00:55] White is more active.} (15. Nxe6 $16 Bxe6 16. Bf4) 15... Nc5 16. f3 Bd7 17. b3 Rad8 18. Bf2 Bc8 19. f4 Qc7 20. Kh2 Re7 {[%emt 0:00:18] [#]} ({Black should try} 20... h5) 21. Nf3 (21. Ndb5 $1 $16 cxb5 22. Nxb5) 21... Nfd7 22. Nd4 (22. Rde2 $14) 22... Rde8 {[%emt 0:00:20] [#]} (22... Nf6 $1 $11) 23. Rde2 (23. Red1 $1 $16) 23... Ne6 24. Qd2 Ndc5 25. Rd1 Nxd4 26. Bxd4 Bxd4 27. Qxd4 Rd7 $2 ({Better is} 27... Qb6 $14) 28. Red2 $2 (28. e5 $18) 28... Rdd8 (28... Qd8 $14) 29. e5 $1 $18 Ne6 $2 (29... Re6 $16 30. Qxc5 dxc5 31. Rxd8+ Kg7) 30. exd6 Qd7 31. Qb6 {[%emt 0:00:14] Weighted Error Value: White=0.48/Black=0.48} 1-0

[Event "5th Vera Menchik Memorial 2022"]
[Site "Prag"]
[Date "2022.06.05"]
[Round "3.4"]
[White "Vrana, Frantisek"]
[Black "Sahidi, Samir"]
[Result "0-1"]
[ECO "B15"]
[WhiteElo "2213"]
[BlackElo "2459"]
[Annotator "TA"]
[PlyCount "72"]
[EventDate "2022.06.05"]
[EventType "tourn"]
[EventCountry "CZE"]
[SourceTitle "playchess.com"]
[Source "ChessBase"]
[SourceQuality "1"]
[TimeControl "720+3"]

1. e4 c6 2. d4 d5 3. Nc3 g6 4. Nf3 Bg7 5. h3 dxe4 6. Nxe4 Nd7 {[%emt 0:00:01] 6...Nf6 is more advanced technology.} 7. Bc4 Ngf6 8. Ned2 {[%emt 0:01:43] B15: Caro-Kann: 3 Nc3: 3...g6 and 3...dxe4 4 Nxe4 Nf6 5 Nxf6+ exf6.} (8. Nxf6+ $14 Nxf6 9. O-O) 8... O-O $11 9. O-O {[%emt 0:00:02] [#]} b5 $146 ({Predecessor:} 9... c5 10. c3 cxd4 11. cxd4 Nb6 12. Bb3 a5 13. Nb1 a4 14. Bc2 Bd7 15. Nc3 Qc7 {½-½ (66) Paulet,I (2286)-Peng,Z (2352) Amsterdam 2018}) 10. Bd3 {[%emt 0:00:16] The position is equal.} Bb7 11. Nb3 a5 12. a4 b4 13. Re1 Re8 14. Qe2 (14. Ne5 $142) 14... Qc7 (14... e5 $5 15. dxe5 (15. Nxe5 Nd5 $15) 15... Nd5 $11) 15. Be3 ({White should play} 15. Ne5 $11) 15... Nd5 $1 $15 16. Bc4 e5 (16... c5 $15) 17. dxe5 Nxe5 18. Bxd5 cxd5 19. Bd4 $1 Ba6 20. Qd1 (20. Qd2 {is interesting.} Nxf3+ 21. gxf3 Rad8 22. Bxg7 Kxg7 23. h4) 20... Nxf3+ 21. Qxf3 Qxc2 {[%emt 0:00:17] [#] And now ...Be2 would win.} 22. Bxg7 (22. Rxe8+ $11 Rxe8 23. Rc1) 22... Kxg7 $17 23. Nxa5 d4 (23... Qxb2 $19 {Hoping for ...Rxe1+.} 24. Qxd5 Rac8) 24. Rec1 (24. Qf4 $142 d3 25. Qd4+ Kg8 26. Rec1) 24... Qxb2 {[%emt 0:00:39] ...Rac8 is the strong threat. 0x0.002047ec1962dp-1022s more active pieces.} 25. Rab1 Qe2 {[%emt 0:00:36] [#] White must now prevent ...Qxf3.} 26. Rxb4 (26. Nc6 $17) 26... Qxf3 27. gxf3 Be2 28. Nb3 d3 {[%emt 0:00:02] Strongly threatening ...Red8.} ({Stronger than} 28... Bxf3 29. Nxd4 Re4 30. Rcb1 $11) 29. Nd2 (29. Rb1 $142) 29... Reb8 30. Rcb1 Rc8 (30... Rxb4 $142 31. Rxb4 Rc8) 31. Kg2 (31. Rd4 $142) 31... Rc2 $19 32. R1b2 Rxa4 33. Rb7 (33. Rxa4 Rxb2 34. Nc4) 33... Ra2 {[%emt 0:00:06] Black is clearly winning.} 34. Rxa2 Rxa2 35. Ne4 d2 36. Nxd2 Rxd2 {[%emt 0:00:02] Weighted Error Value: White=0.51/Black=0.20 (precise)} 0-1